[ AOE2 MATCH · #513752335 ]
UnrankedKhitans vs Cumans
Player's team · WIN
Rival team · LOSS
[ REPLAY ANALYSIS · EXTRACTED FROM THE RECORDED GAME ]
Feudal
9:37
Castle
20:13
Imperial
—
| APM avg | 70.9 |
| APM peak | 109 |
| eAPM avg | 25.6 |
| Villagers / military | 68 / 42 |
Focus
⚔️ 31.5% · 🌾 68.5%
Scout Cavalry ×16 · Steppe Lancer ×13 · Iron Pagoda ×4 · Archer ×3 · Camel Scout ×3 · Battering Ram ×3
Feudal
8:27
Castle
—
Imperial
—
| APM avg | 58.8 |
| APM peak | 88 |
| eAPM avg | 40.0 |
| Villagers / military | 139 / 26 |
Focus
⚔️ 27.1% · 🌾 72.9%
Spearman ×13 · Battering Ram ×13
Match map
Initial resources + every placement click. Lines = walls · curves = elevation contours. ◆ gold · ⬟ stone · ● berries · ✦ relic · ◌ wall gap
Your base· Open — 4t gap
msntt951753's base· Open — unwalled flank
Smoothed initial terrain · ◌ = detected wall gap · hover for details
Inputs per minute
— cabdelbrillo - - msntt951753
Build order — cabdelbrillo
First 150 of 158 actions detected
| 0:02 | Queue | Villager (Male) |
| 0:02 | Queue | Villager (Male) |
| 0:02 | Queue | Villager (Male) |
| 0:05 | Build | House |
| 0:06 | Build | House |
| 0:08 | Queue | Villager (Male) |
| 0:09 | Queue | Villager (Male) |
| 0:09 | Queue | Villager (Male) |
| 1:29 | Queue | Villager (Male) |
| 1:30 | Queue | Villager (Male) |
| 1:52 | Queue | Villager (Male) |
| 1:52 | Queue | Villager (Male) |
| 2:09 | Build | Lumber Camp |
| 2:14 | Queue | Villager (Male) |
| 2:15 | Queue | Villager (Male) |
| 2:21 | Queue | Villager (Male) |
| 2:22 | Queue | Villager (Male) |
| 2:50 | Queue | Villager (Male) |
| 3:18 | Queue | Villager (Male) |
| 3:22 | Build | House |
| 3:40 | Queue | Villager (Male) |
| 3:40 | Queue | Villager (Male) |
| 3:51 | Build | House |
| 3:57 | Queue | Villager (Male) |
| 3:57 | Queue | Villager (Male) |
| 4:26 | Queue | Villager (Male) |
| 4:40 | Queue | Villager (Male) |
| 4:44 | Build | Mill |
| 5:04 | Queue | Villager (Male) |
| 5:34 | Queue | Villager (Male) |
| 6:36 | Research | Loom |
| 7:27 | Research | Feudal Age |
| 7:46 | Build | Barracks |
| 7:58 | Build | Pasture |
| 8:07 | Build | Palisade Wall |
| 9:03 | Build | Pasture |
| 9:37 | Age | Feudal Age |
| 9:41 | Queue | Villager (Male) |
| 9:41 | Queue | Villager (Male) |
| 9:49 | Build | Stable |
| 9:52 | Queue | Villager (Male) |
| 10:16 | Queue | Villager (Male) |
| 10:21 | Build | House |
| 10:27 | Queue | Villager (Male) |
| 10:39 | Queue | Scout Cavalry |
| 10:39 | Queue | Scout Cavalry |
| 10:51 | Build | Blacksmith |
| 10:59 | Queue | Villager (Male) |
| 11:13 | Queue | Scout Cavalry |
| 11:17 | Research | Forging |
| 11:18 | Research | Forging |
| 11:18 | Research | Forging |
| 11:35 | Queue | Scout Cavalry |
| 11:43 | Build | Pasture |
| 12:04 | Queue | Villager (Male) |
| 12:10 | Build | Pasture |
| 12:13 | Build | House |
| 12:35 | Queue | Villager (Male) |
| 12:39 | Queue | Scout Cavalry |
| 12:54 | Queue | Villager (Male) |
| 12:57 | Build | House |
| 13:16 | Queue | Scout Cavalry |
| 13:33 | Build | Archery Range |
| 13:39 | Queue | Villager (Male) |
| 14:00 | Build | Mining Camp |
| 14:06 | Queue | Villager (Male) |
| 14:41 | Queue | Archer |
| 14:44 | Queue | Villager (Male) |
| 14:46 | Build | Pasture |
| 15:15 | Queue | Villager (Male) |
| 15:17 | Build | Pasture |
| 15:19 | Queue | Villager (Male) |
| 15:21 | Queue | Archer |
| 15:25 | Build | House |
| 15:40 | Queue | Villager (Male) |
| 16:04 | Queue | Archer |
| 16:06 | Queue | Villager (Male) |
| 16:10 | Build | Pasture |
| 16:39 | Build | Pasture |
| 17:33 | Research | Castle Age |
| 17:34 | Research | Castle Age |
| 17:47 | Queue | Scout Cavalry |
| 17:47 | Queue | Scout Cavalry |
| 17:47 | Queue | Scout Cavalry |
| 18:27 | Queue | Villager (Male) |
| 18:38 | Queue | Scout Cavalry |
| 18:39 | Queue | Scout Cavalry |
| 18:42 | Build | House |
| 19:16 | Queue | Villager (Male) |
| 19:33 | Queue | Scout Cavalry |
| 19:34 | Queue | Scout Cavalry |
| 19:59 | Queue | Villager (Male) |
| 20:13 | Queue | Scout Cavalry |
| 20:13 | Age | Castle Age |
| 20:21 | Build | Siege Workshop |
| 20:22 | Queue | Villager (Male) |
| 20:24 | Research | Iron Casting |
| 20:25 | Research | Iron Casting |
| 20:57 | Queue | Battering Ram |
| 20:57 | Queue | Battering Ram |
| 21:00 | Build | House |
| 21:00 | Build | House |
| 21:06 | Queue | Villager (Male) |
| 21:39 | Queue | Scout Cavalry |
| 21:39 | Queue | Scout Cavalry |
| 21:50 | Build | Stable |
| 21:53 | Queue | Villager (Male) |
| 21:58 | Queue | Iron Pagoda |
| 21:58 | Queue | Iron Pagoda |
| 22:19 | Queue | Villager (Male) |
| 22:27 | Queue | Steppe Lancer |
| 22:27 | Queue | Steppe Lancer |
| 22:28 | Queue | Steppe Lancer |
| 22:28 | Queue | Steppe Lancer |
| 22:28 | Queue | Steppe Lancer |
| 22:48 | Queue | Iron Pagoda |
| 22:57 | Queue | Villager (Male) |
| 23:02 | Queue | Steppe Lancer |
| 23:03 | Queue | Steppe Lancer |
| 23:03 | Queue | Steppe Lancer |
| 23:06 | Queue | Villager (Male) |
| 23:29 | Queue | Villager (Male) |
| 23:55 | Build | Town Center |
| 24:02 | Build | House |
| 24:15 | Queue | Iron Pagoda |
| 24:35 | Build | House |
| 25:28 | Queue | Villager (Male) |
| 25:37 | Queue | Camel Scout |
| 25:38 | Queue | Camel Scout |
| 25:38 | Queue | Camel Scout |
| 25:44 | Queue | Villager (Male) |
| 25:45 | Queue | Villager (Male) |
| 25:45 | Queue | Villager (Male) |
| 25:52 | Build | Pasture |
| 25:54 | Queue | Villager (Male) |
| 25:55 | Queue | Villager (Male) |
| 25:57 | Queue | Steppe Lancer |
| 25:57 | Queue | Steppe Lancer |
| 26:24 | Build | Pasture |
| 26:25 | Queue | Villager (Male) |
| 26:30 | Queue | Villager (Male) |
| 26:30 | Queue | Villager (Male) |
| 26:30 | Queue | Villager (Male) |
| 26:36 | Queue | Steppe Lancer |
| 26:36 | Queue | Steppe Lancer |
| 26:37 | Queue | Steppe Lancer |
| 26:41 | Queue | Villager (Male) |
| 26:47 | Queue | Villager (Male) |
| 27:32 | Queue | Battering Ram |
| 27:51 | Build | Pasture |
Build order — msntt951753
First 150 of 277 actions detected
| 0:02 | Queue | Villager (Male) |
| 0:02 | Queue | Villager (Male) |
| 0:02 | Queue | Villager (Male) |
| 0:04 | Build | House |
| 0:06 | Build | House |
| 0:26 | Queue | Villager (Male) |
| 0:26 | Queue | Villager (Male) |
| 1:25 | Queue | Villager (Male) |
| 1:54 | Queue | Villager (Male) |
| 1:54 | Queue | Villager (Male) |
| 2:20 | Queue | Villager (Male) |
| 2:20 | Queue | Villager (Male) |
| 2:26 | Build | Lumber Camp |
| 2:44 | Queue | Villager (Male) |
| 2:45 | Queue | Villager (Male) |
| 3:15 | Queue | Villager (Male) |
| 3:15 | Queue | Villager (Male) |
| 3:24 | Queue | Villager (Male) |
| 3:30 | Queue | Villager (Male) |
| 3:30 | Queue | Villager (Male) |
| 3:49 | Build | House |
| 4:05 | Queue | Villager (Male) |
| 4:11 | Queue | Villager (Male) |
| 4:12 | Queue | Villager (Male) |
| 4:49 | Build | Mill |
| 5:12 | Queue | Villager (Male) |
| 5:12 | Research | Loom |
| 6:15 | Research | Feudal Age |
| 6:15 | Research | Feudal Age |
| 7:28 | Queue | Villager (Male) |
| 7:28 | Queue | Villager (Male) |
| 7:37 | Build | House |
| 8:17 | Queue | Villager (Male) |
| 8:17 | Queue | Villager (Male) |
| 8:22 | Build | Palisade Wall |
| 8:26 | Build | Palisade Wall |
| 8:27 | Age | Feudal Age |
| 8:28 | Build | Palisade Wall |
| 8:33 | Build | Town Center |
| 8:58 | Build | Palisade Wall |
| 9:21 | Queue | Villager (Male) |
| 9:49 | Queue | Villager (Male) |
| 9:58 | Queue | Villager (Male) |
| 9:58 | Queue | Villager (Male) |
| 10:15 | Build | Outpost |
| 10:16 | Queue | Villager (Male) |
| 10:16 | Queue | Villager (Male) |
| 10:16 | Queue | Villager (Male) |
| 10:24 | Queue | Villager (Male) |
| 10:25 | Queue | Villager (Male) |
| 10:34 | Build | Farm |
| 10:47 | Build | Outpost |
| 10:50 | Queue | Villager (Male) |
| 10:50 | Queue | Villager (Male) |
| 11:15 | Queue | Villager (Male) |
| 11:15 | Queue | Villager (Male) |
| 11:20 | Build | Farm |
| 11:21 | Build | Farm |
| 11:25 | Build | House |
| 11:26 | Queue | Villager (Male) |
| 11:40 | Build | Palisade Wall |
| 11:41 | Build | Palisade Wall |
| 11:43 | Build | Palisade Wall |
| 11:44 | Build | Palisade Wall |
| 11:47 | Build | Palisade Wall |
| 11:48 | Build | Palisade Wall |
| 11:50 | Build | Palisade Wall |
| 11:51 | Build | Palisade Wall |
| 11:57 | Build | Palisade Wall |
| 11:57 | Build | Palisade Wall |
| 11:57 | Build | Palisade Wall |
| 11:57 | Build | Palisade Wall |
| 11:58 | Build | Palisade Wall |
| 11:58 | Build | Palisade Wall |
| 11:58 | Build | Palisade Wall |
| 11:58 | Build | Palisade Wall |
| 11:59 | Build | Palisade Wall |
| 11:59 | Build | Palisade Wall |
| 11:59 | Build | Palisade Wall |
| 12:00 | Build | Palisade Wall |
| 12:00 | Build | Palisade Wall |
| 12:00 | Build | Palisade Wall |
| 12:01 | Build | Palisade Wall |
| 12:01 | Build | Palisade Wall |
| 12:11 | Queue | Villager (Male) |
| 12:11 | Queue | Villager (Male) |
| 12:23 | Queue | Villager (Male) |
| 12:23 | Queue | Villager (Male) |
| 12:24 | Build | Farm |
| 12:42 | Build | Blacksmith |
| 12:42 | Build | Blacksmith |
| 12:44 | Queue | Villager (Male) |
| 12:44 | Queue | Villager (Male) |
| 12:54 | Build | Palisade Wall |
| 13:00 | Queue | Villager (Male) |
| 13:00 | Queue | Villager (Male) |
| 13:09 | Queue | Villager (Male) |
| 13:14 | Build | Farm |
| 13:18 | Build | Mining Camp |
| 13:24 | Build | House |
| 13:36 | Queue | Villager (Male) |
| 13:36 | Queue | Villager (Male) |
| 13:36 | Queue | Villager (Male) |
| 13:43 | Build | Mining Camp |
| 13:56 | Queue | Villager (Male) |
| 14:03 | Build | Farm |
| 14:03 | Build | Farm |
| 14:11 | Build | Siege Workshop |
| 14:14 | Build | Farm |
| 14:15 | Queue | Villager (Male) |
| 14:15 | Queue | Villager (Male) |
| 14:15 | Queue | Villager (Male) |
| 14:35 | Build | Farm |
| 14:37 | Queue | Villager (Male) |
| 14:53 | Queue | Villager (Male) |
| 14:53 | Queue | Villager (Male) |
| 14:57 | Build | Palisade Wall |
| 14:58 | Build | Palisade Wall |
| 15:01 | Build | Palisade Wall |
| 15:03 | Build | Palisade Wall |
| 15:08 | Queue | Villager (Male) |
| 15:08 | Queue | Villager (Male) |
| 15:22 | Queue | Villager (Male) |
| 15:23 | Queue | Villager (Male) |
| 15:31 | Build | Palisade Wall |
| 15:32 | Build | Palisade Wall |
| 15:33 | Build | Palisade Wall |
| 15:37 | Queue | Villager (Male) |
| 15:37 | Queue | Villager (Male) |
| 15:42 | Build | House |
| 15:45 | Queue | Villager (Male) |
| 15:47 | Build | House |
| 16:01 | Queue | Villager (Male) |
| 16:01 | Queue | Villager (Male) |
| 16:06 | Build | Watch Tower |
| 16:11 | Queue | Villager (Male) |
| 16:11 | Queue | Villager (Male) |
| 16:23 | Build | Palisade Wall |
| 16:25 | Build | Palisade Wall |
| 16:30 | Queue | Villager (Male) |
| 16:30 | Queue | Villager (Male) |
| 16:38 | Build | Farm |
| 16:39 | Build | Farm |
| 16:42 | Queue | Villager (Male) |
| 16:42 | Queue | Villager (Male) |
| 16:52 | Queue | Battering Ram |
| 16:52 | Queue | Battering Ram |
| 16:56 | Build | Palisade Wall |
| 17:14 | Build | Palisade Wall |
| 17:21 | Build | House |
Match timeline
| 7:46 | cabdelbrillo · first_building Barracks |
| 8:07 | cabdelbrillo · wall_segment Palisade Wall x9 |
| 8:22 | msntt951753 · wall_segment Palisade Wall x1 |
| 8:26 | msntt951753 · wall_segment Palisade Wall x1 |
| 8:27 | msntt951753 · age_up feudal |
| 8:28 | msntt951753 · wall_segment Palisade Wall x1 |
| 8:58 | msntt951753 · wall_segment Palisade Wall x1 |
| 9:37 | cabdelbrillo · age_up feudal |
| 9:49 | cabdelbrillo · first_building Stable |
| 11:40 | msntt951753 · wall_segment Palisade Wall x1 |
| 11:41 | msntt951753 · wall_segment Palisade Wall x1 |
| 11:43 | msntt951753 · wall_segment Palisade Wall x1 |
| 11:44 | msntt951753 · wall_segment Palisade Wall x1 |
| 11:47 | msntt951753 · wall_segment Palisade Wall x1 |
| 11:48 | msntt951753 · wall_segment Palisade Wall x1 |
| 11:50 | msntt951753 · wall_segment Palisade Wall x1 |
| 11:51 | msntt951753 · wall_segment Palisade Wall x1 |
| 11:57 | msntt951753 · wall_segment Palisade Wall x1 |
| 11:57 | msntt951753 · wall_segment Palisade Wall x1 |
| 11:57 | msntt951753 · wall_segment Palisade Wall x1 |
| 11:57 | msntt951753 · wall_segment Palisade Wall x1 |
| 11:58 | msntt951753 · wall_segment Palisade Wall x2 |
| 11:58 | msntt951753 · wall_segment Palisade Wall x1 |
| 11:58 | msntt951753 · wall_segment Palisade Wall x1 |
| 11:58 | msntt951753 · wall_segment Palisade Wall x2 |
| 11:59 | msntt951753 · wall_segment Palisade Wall x1 |
| 11:59 | msntt951753 · wall_segment Palisade Wall x1 |
| 11:59 | msntt951753 · wall_segment Palisade Wall x1 |
| 12:00 | msntt951753 · wall_segment Palisade Wall x1 |
| 12:00 | msntt951753 · wall_segment Palisade Wall x1 |
| 12:00 | msntt951753 · wall_segment Palisade Wall x1 |
| 12:01 | msntt951753 · wall_segment Palisade Wall x1 |
| 12:01 | msntt951753 · wall_segment Palisade Wall x1 |
| 12:54 | msntt951753 · wall_segment Palisade Wall x1 |
| 13:33 | cabdelbrillo · first_building Archery Range |
| 14:11 | msntt951753 · first_building Siege Workshop |
| 14:57 | msntt951753 · wall_segment Palisade Wall x1 |
| 14:58 | msntt951753 · wall_segment Palisade Wall x1 |
| 15:01 | msntt951753 · wall_segment Palisade Wall x1 |
| 15:03 | msntt951753 · wall_segment Palisade Wall x1 |
| 15:31 | msntt951753 · wall_segment Palisade Wall x1 |
| 15:32 | msntt951753 · wall_segment Palisade Wall x1 |
| 15:33 | msntt951753 · wall_segment Palisade Wall x1 |
| 16:23 | msntt951753 · wall_segment Palisade Wall x1 |
| 16:25 | msntt951753 · wall_segment Palisade Wall x1 |
| 16:56 | msntt951753 · wall_segment Palisade Wall x1 |
| 17:14 | msntt951753 · wall_segment Palisade Wall x1 |
| 17:33 | msntt951753 · wall_segment Palisade Wall x1 |
| 20:13 | cabdelbrillo · age_up castle |
| 20:21 | cabdelbrillo · first_building Siege Workshop |
| 21:14 | msntt951753 · wall_segment Palisade Wall x1 |
| 21:16 | msntt951753 · wall_segment Palisade Wall x1 |
| 21:17 | msntt951753 · wall_segment Palisade Wall x1 |
| 23:07 | msntt951753 · first_building Barracks |
| 26:10 | msntt951753 · wall_segment Palisade Wall x1 |
| 26:11 | msntt951753 · wall_segment Palisade Wall x1 |
| 26:11 | msntt951753 · wall_segment Palisade Wall x1 |
| 28:39 | msntt951753 · resign |
[ AI ANALYSIS · 1 CREDIT ]
What really happened in this match?
Wolo.gg analyzes every decision: build order, eco, micro, common mistakes by bracket. Personalized analysis on WhatsApp or Discord in 30 seconds.
Civ guide
Khitans
Perfil
Jugador #2056943